Map: Abyssal Reef LE

Players

misery - Winner!

  • Race: Protoss Protoss
  • League: Platinum
  • Spawn Location: 5:00

Yata

  • Race: Zerg Zerg
  • League: Platinum
  • Spawn Location: 11:00

VOD

Have the link to the VOD?

Description

Time

  • Played on: Oct. 4, 2017, 11:07 p.m.
  • Length: 13:14
Show
View Real Time Build Order
Export as new Build Order

misery Protoss - Winner!

Build Orders: 1 Gate Expand, Oracle Opening 

Get SALT Encoding   

  12  0:01  Probe (Chrono Boost)  
  13  0:11  Probe (Chrono Boost)  
  14  0:22  Pylon  
  14  0:26  Probe (Chrono Boost)  
  15  0:41  Probe (Chrono Boost)  
  16  0:46  Gateway  
  16  0:51  Probe (Chrono Boost)  
  16  0:52  Assimilator  
  17  1:02  Probe (Chrono Boost)  
  18  1:12  Probe (Chrono Boost)  
  19  1:23  Probe (Chrono Boost)  
  20  1:34  Nexus  
  20  1:42  Cybernetics Core  
  20  1:55  Pylon  
  20  1:57  Probe (Chrono Boost)  
  20  2:01  Assimilator  
  21  2:07  Probe (Chrono Boost)  
  22  2:18  Adept, Probe (Chrono Boost)  
  27  2:36  Stargate  
  25  2:43  Warp Gate  
  24  2:46  Probe (Chrono Boost)  
  24  2:48  Probe (Chrono Boost)  
  26  2:57  Adept, Probe (Chrono Boost)  
  29  3:06  Mothership Core (Chrono Boost)  
  29  3:08  Probe (Chrono Boost)  
  32  3:18  Probe (Chrono Boost)  
  33  3:24  Probe (Chrono Boost)  
  34  3:28  Probe (Chrono Boost)  
  34  3:33  Probe (Chrono Boost)  
  35  3:34  Assimilator  
  35  3:35  Oracle (Chrono Boost)  
  35  3:36  Assimilator  
  35  3:39  Probe  
  40  3:44  Probe  
  41  3:56  Gateway  
  41  4:07  Oracle (Chrono Boost)  
  44  4:10  Probe  
  44  4:12  Probe  
  46  4:19  Nexus  
  46  4:21  Pylon  
  46  4:30  Pylon  
  46  4:38  Probe  
  46  4:39  Phoenix (Chrono Boost), Probe  
  50  4:49  Probe (Chrono Boost)  
  50  4:51  Probe (Chrono Boost)  
  50  4:52  Stargate  
  52  5:00  Probe (Chrono Boost)  
  52  5:03  Pylon, Probe (Chrono Boost)  
  54  5:11  Probe (Chrono Boost)  
  54  5:13  Probe (Chrono Boost)  
  56  5:22  Probe (Chrono Boost)  
  56  5:23  Adept x2  
  56  5:24  Probe (Chrono Boost)  
  56  5:27  Twilight Council  
  62  5:32  Probe (Chrono Boost), Fleet Beacon  
  62  5:34  Probe (Chrono Boost)  
  64  5:39  Oracle x2 (Chrono Boost)  
  70  5:48  Adept x2  
  74  6:09  Adept x2  
  78  6:21  Pylon  
  78  6:22  Pylon  
  78  6:25  Gateway  
  78  6:26  Pylon, Gateway, Resonating Glaives (Chrono Boost)  
  78  6:29  Pylon  
  78  6:31  Forge  
  78  6:33  Pylon, Probe  
  78  6:34  Probe x2  
  81  6:46  Probe x2  
  83  6:55  Adept x2  
  83  6:58  Carrier (Chrono Boost)  
  83  6:59  Graviton Catapult (Chrono Boost)  
  87  7:03  Oracle (Chrono Boost)  
  87  7:08  Stargate  
  96  7:11  Assimilator  
  96  7:24  Adept x2  
  100  7:33  Gateway  
  100  7:36  Gateway  
  100  7:43  Assimilator  
  106  7:46  Photon Cannon  
  106  7:47  Probe x2 (Chrono Boost)  
  106  7:49  Photon Cannon  
  108  7:55  Adept  
  108  7:56  Adept x2  
  114  8:09  Carrier (Chrono Boost)  
  120  8:21  Probe  
  120  8:22  Probe x2  
  123  8:34  Probe x2  
  125  8:45  Pylon  
  125  8:46  Pylon  
  125  8:47  Pylon  
  125  9:02  Probe  
  125  9:05  Carrier x2 (Chrono Boost)  
  125  9:06  Adept x3  
  125  9:07  Adept x2  
  148  9:22  Pylon  
  148  9:23  Pylon  
  148  9:39  Pylon  
  148  9:40  Carrier (Chrono Boost)  
  148  9:42  Adept x5  
  164  9:54  Pylon  
  164  9:55  Pylon  
  164  9:57  Pylon x2  
  164  10:12  Templar Archives  
  164  10:14  Protoss Ground Weapons Level 1 (Chrono Boost)  
  164  10:40  Adept x3  
  164  10:41  Adept  
  172  10:45  Carrier (Chrono Boost)  
  172  10:47  Carrier (Chrono Boost)  
  184  11:21  Adept x2  
  184  11:22  Adept x4, Protoss Air Weapons Level 1 (Chrono Boost)  
  196  11:43  Psionic Storm  
  188  11:57  High Templar  
  188  11:58  High Templar x5  
Show
View Real Time Build Order
Export as new Build Order

Yata Zerg 

Build Orders: Hatch First 

Get SALT Encoding   

  12  0:01  Drone  
  13  0:12  Overlord  
  13  0:17  Drone  
  14  0:31  Drone x2  
  16  0:38  Drone  
  17  0:57  Drone  
  18  0:59  Hatchery  
  18  1:01  Drone  
  18  1:11  Extractor  
  17  1:16  Spawning Pool  
  17  1:18  Drone  
  17  1:22  Drone  
  18  1:28  Drone  
  19  1:39  Overlord  
  19  1:52  Drone  
  20  2:01  Drone  
  20  2:04  Queen  
  23  2:11  Queen  
  23  2:13  Zergling x4  
  27  2:20  Metabolic Boost  
  27  2:22  Drone x2  
  29  2:39  Baneling Nest  
  29  2:40  Drone  
  29  2:44  Evolution Chamber  
  29  2:46  Drone  
  29  2:47  Drone x2  
  31  2:55  Overlord x2  
  31  3:06  Drone  
  31  3:07  Drone  
  33  3:20  Drone x2  
  33  3:24  Hatchery, Drone  
  33  3:26  Drone  
  36  3:30  Drone x2  
  38  3:35  Pneumatized Carapace  
  38  3:52  Queen  
  40  3:58  Zerg Melee Weapons Level 1  
  40  4:02  Drone x2  
  42  4:05  Drone x5  
  47  4:16  Drone  
  47  4:17  Extractor, Drone x2  
  50  4:18  Queen  
  49  4:36  Spore Crawler x2  
  47  4:40  Queen  
  49  4:52  Lair  
  49  5:04  Spore Crawler  
  49  5:06  Zergling x4  
  49  5:07  Zergling x16  
  57  5:11  Overlord x3  
  55  5:45  Zergling x2  
  55  5:46  Zergling x34  
  68  5:53  Zergling x2  
  66  6:15  Overlord x4  
  66  6:16  Hydralisk Den  
  65  6:21  Zerg Missile Weapons Level 1  
  65  6:25  Baneling x3, Evolution Chamber  
  65  6:26  Baneling x4  
  65  6:29  Zergling x2  
  65  6:35  Drone x12  
  73  6:52  Hydralisk x4  
  75  6:57  Spore Crawler  
  75  6:59  Muscular Augments  
  74  7:01  Spore Crawler  
  74  7:03  Queen  
  74  7:04  Queen x2  
  74  7:08  Hydralisk  
  81  7:19  Extractor, Drone x3  
  81  7:20  Overlord  
  81  7:21  Overlord x2  
  83  7:33  Hydralisk  
  83  7:34  Hydralisk x2  
  89  7:42  Extractor  
  88  7:52  Hydralisk x2  
  88  7:56  Zergling x2  
  88  7:57  Zergling x24  
  105  8:05  Drone x3  
  107  8:11  Queen  
  107  8:12  Queen  
  112  8:15  Hydralisk  
  112  8:19  Overlord  
  114  8:38  Infestation Pit  
  113  8:48  Overlord x4  
  113  8:49  Hydralisk x4  
  113  8:52  Zerg Missile Weapons Level 2  
  121  9:08  Queen  
  123  9:27  Hydralisk  
  123  9:28  Hydralisk x8  
  141  9:32  Zergling x18  
  150  9:45  Queen  
  150  9:47  Hatchery  
  150  9:50  Drone x3  
  154  10:24  Overlord  
  154  10:25  Overlord x3  
  154  10:42  Overlord x7  
  154  10:43  Overlord  
  154  10:49  Drone x12  
  166  11:02  Hydralisk  
  166  11:03  Hydralisk x3  
  174  11:10  Zergling x14  
  180  11:14  Overseer  
  180  11:15  Overseer x2  
  180  11:17  Hydralisk x3  
  186  11:20  Baneling  
  186  11:21  Baneling x6  
  186  11:26  Queen  
  186  11:29  Hydralisk x2  
  186  11:30  Hydralisk  
  180  11:43  Drone x6  
  183  11:51  Drone x3  
  186  12:02  Queen  
  173  12:28  Zergling x22  
  173  12:29  Zergling x2  
  149  12:38  Zergling x14  
  146  12:47  Zergling x6  
Tags
 
Add a new tag
Caveats
  • Supply blocks, unpowered buildings, or Contaminate may cause inaccurate times.
  • Supply counts are checked every 10 seconds.